 Dungeon Crawl Stone Soup version 0.29.0-4-gdea44cf6ec (webtiles) character file.

Game seed: 14087863834848440846

43 qw the Ruffian (level 3, -3/28 HPs)
             Began as a Ghoul Fire Elementalist on Aug 30, 2022.
             Slain by a gnoll
             ... wielding a +0 halberd
              (5 damage)
             ... on level 2 of the Dungeon.
             The game lasted 00:01:25 (1783 turns).

qw the Ruffian (Ghoul Fire Elementalist)            Turns: 1783, Time: 00:01:26

Health: -3/28      AC: 14    Str: 12 (13) XL:     3   Next: 58%
Magic:  4/4        EV: -2    Int:  8 (10) God:
Gold:   74         SH:  0    Dex:  9      Spells: 4/5 levels left

rFire   . . .      SeeInvis .     - Unarmed
rCold   + . .      Faith    .   (no shield)
rNeg    + + +      Spirit   .   f - +0 crystal plate armour
rPois   inf        Reflect  .   (no helmet)
rElec   .          Harm     .   (no cloak)
rCorr   .          Rampage  .   (no gloves)
Will    .....                   (no boots)
Stlth   ..........              (no amulet)
HPRegen 0.00/turn               (no ring)
MPRegen 0.09/turn               (no ring)

@: inhibited regen
A: claws 1, cold resistance 1, negative energy resistance 3, inhibited
regeneration, torment resistance 2, devour on kill
a: no special abilities


You were on level 2 of the Dungeon.
You visited 1 branch of the dungeon, and saw 2 of its levels.

You collected 74 gold pieces.


Innate Abilities, Weirdness & Mutations

You are immune to poison.
You have sharp fingernails.
Your flesh is cold resistant. (rC+)
You are immune to negative energy. (rN+++)
You do not regenerate when monsters are visible.
You are immune to unholy pain and torment.
You thrive by killing the living.


   Skills:
 - Level 1.0 Fighting
 - Level 1.2 Armour
 - Level 1.7 Dodging
 - Level 2.1 Stealth
 + Level 2.5 Unarmed Combat
 - Level 1.7 Spellcasting
 - Level 0.7 Conjurations
 - Level 2.4 Fire Magic


You had 4 spell levels left.
You knew the following spells:

 Your Spells              Type           Power      Damage    Failure   Level
a - Foxfire               Conj/Fire      12%        2x1d4     100%        1

Your spell library contained the following spells:

 Spells                   Type           Power      Damage    Failure   Level
 Scorch                   Fire           8%         2d5       100%        2
 Conjure Flame            Conj/Fire      3%         6-21      100%        3
 Inner Flame              Hex/Fire       2%         N/A       100%        3
 Flame Wave               Conj/Fire      3%         2d5       100%        4

Inventory:

Armour
 f - a +0 crystal plate armour (worn)
Scrolls
 Y - a scroll of identify
Potions
 c - a potion of mutation
 d - a potion of attraction {unknown}
 g - a potion of ambrosia {unknown}
 i - a potion of haste {unknown}

Dungeon Overview and Level Annotations

Branches:
Dungeon (2/15)

Altars:


Message History

You claw the goblin!
You kill the goblin!
You feel better.
You start resting.
HP restored.
You now have 74 gold pieces (gained 17).
Found a stone staircase leading up.
There is a stone staircase leading up here.
You see here a +2 dagger of venom.
Enter note:
Enter note: 3 gnolls come into view.
Found 15 gold pieces.
The gnoll shouts! x2
1774 ||| Stepping ~*~*~tactically~*~*~ (hiding).
You closely miss the gnoll. The gnoll hits you with a +0 whip.
The gnoll hits you but does no damage.
You scratch the gnoll but do no damage. Your claw misses the gnoll.
The gnoll hits you but does no damage. x2
You completely miss the gnoll.
The gnoll hits you but does no damage. x2
You scratch the gnoll.
The gnoll is heavily wounded.
The gnoll hits you with a +0 whip.
The gnoll hits you from afar with a +0 halberd.
You scratch the gnoll. Your claw misses the gnoll.
The gnoll is almost dead.
The gnoll hits you but does no damage.
The gnoll hits you from afar with a +0 halberd.
You barely miss the gnoll. You claw the gnoll.
You kill the gnoll!
The gnoll hits you from afar with a +0 halberd!
Your Armour skill increases to level 1!
The gnoll hits you but does no damage. The gnoll hits you with a +0 halberd.
Things that are here:
a +0 whip; a gnoll corpse You scratch the gnoll.
The gnoll is moderately wounded.
The gnoll hits you but does no damage. The gnoll hits you with a +0 halberd.
You die...

#######.#######
#........
#...........).#
###.##...
#.#####.#####.#
########.###..
#.#
#.#####.........#
##. #.#
#.......#########
#. #.# #.#######
#. ..# #.# ##.
### #.##### #..
#...@.# #..
.#######.###g#
#.) .........# g#
#.. .######### .#
#... $# #.#. .#
#.#. .# # #. .#
#. #.


You could see 2 gnolls.

Vanquished Creatures
  A gnoll (D:2)
  A worm (D:2)
  2 dart slugs (D:1)
  A ball python (D:1)
  2 bats (D:1)
  An endoplasm (D:1)
  4 hobgoblins
  2 quokkas (D:1)
  2 frilled lizards (D:2)
  6 goblins
  2 kobolds (D:1)
  4 rats
28 creatures vanquished.

Notes
Turn   | Place    | Note
-------+----------+-------------------------------------------
     0 | D:1      | qw the Ghoul Fire Elementalist began the quest for the Orb.
     0 | D:1      | Reached XP level 1. HP: 14/14 MP: 2/2
     0 | D:1      | 0 ||| qw: Version: 0.1-a-90-g952f4b7
     0 | D:1      | 0 ||| qw: Game counter: 4260
     0 | D:1      | 0 ||| qw: Always use a shield: true
     0 | D:1      | 0 ||| qw: God list: Okawaru
     0 | D:1      | 0 ||| qw: Allow faded altars: false
     0 | D:1      | 0 ||| qw: Do Orc after D:15 true
     0 | D:1      | 0 ||| qw: Do second Lair branch before Depths: true
     0 | D:1      | 0 ||| qw: Lair rune preference: random
     0 | D:1      | 0 ||| qw: Plans: Normal
     0 | D:1      | 0 ||| PLANNING D:1-11
   222 | D:1      | 222 ||| Stepping ~*~*~tactically~*~*~ (hiding).
   324 | D:1      | 324 ||| Stepping ~*~*~tactically~*~*~ (hiding).
   426 | D:1      | 426 ||| Stepping ~*~*~tactically~*~*~ (hiding).
   427 | D:1      | 427 ||| Stepping ~*~*~tactically~*~*~ (hiding).
   436 | D:1      | Reached skill level 1 in Unarmed Combat
   581 | D:1      | Reached XP level 2. HP: 16/22 MP: 3/3
   585 | D:1      | Reached skill level 1 in Fighting
   872 | D:1      | 872 ||| Stepping ~*~*~tactically~*~*~ (outnumbered).
   873 | D:1      | 873 ||| Stepping ~*~*~tactically~*~*~ (outnumbered).
   874 | D:1      | 874 ||| Stepping ~*~*~tactically~*~*~ (outnumbered).
   875 | D:1      | 875 ||| Stepping ~*~*~tactically~*~*~ (outnumbered).
   876 | D:1      | 876 ||| Stepping ~*~*~tactically~*~*~ (outnumbered).
   877 | D:1      | 877 ||| Stepping ~*~*~tactically~*~*~ (outnumbered).
   879 | D:1      | 879 ||| Stepping ~*~*~tactically~*~*~ (outnumbered).
   880 | D:1      | 880 ||| Stepping ~*~*~tactically~*~*~ (outnumbered).
   881 | D:1      | 881 ||| Stepping ~*~*~tactically~*~*~ (outnumbered).
  1043 | D:1      | 1043 ||| Stepping ~*~*~tactically~*~*~ (stealth).
  1051 | D:1      | 1051 ||| Stepping ~*~*~tactically~*~*~ (stealth).
  1052 | D:1      | 1052 ||| Stepping ~*~*~tactically~*~*~ (stealth).
  1054 | D:1      | 1054 ||| Stepping ~*~*~tactically~*~*~ (stealth).
  1362 | D:1      | 1362 ||| Stepping ~*~*~tactically~*~*~ (stealth).
  1366 | D:1      | Reached XP level 3. HP: 28/28 MP: 4/4
  1411 | D:1      | 1411 ||| Stepping ~*~*~tactically~*~*~ (stealth).
  1412 | D:1      | 1412 ||| Stepping ~*~*~tactically~*~*~ (stealth).
  1513 | D:1      | 1513 ||| UPGRADING to +0 crystal plate armour.
  1523 | D:1      | 1523 ||| DROPPING +0 robe.
  1524 | D:1      | 1524 ||| READING scroll labelled QIUCSI REECIPO.
  1525 | D:1      | 1525 ||| READING 2 scrolls labelled GIOSUDWE LOJIL.
  1526 | D:1      | 1526 ||| DRINKING 2 glowing black potions.
  1527 | D:1      | 1527 ||| DROPPING potion of magic.
  1774 | D:2      | 1774 ||| Stepping ~*~*~tactically~*~*~ (hiding).
  1781 | D:2      | HP: 6/28 [gnoll/+0 halberd (11)]
  1782 | D:2      | Reached skill level 1 in Armour
  1782 | D:2      | HP: 2/28 [gnoll/+0 halberd (4)]
  1783 | D:2      | Slain by a gnoll

Levels and vault maps discovered:
D:1:      minmay_arrival_three_doors, layout_loops_cross
D:2:      minmay_chambers_of_ones, layout_loops_ring, st_stairs_1,
          hangedman_decor_opposing

Skill      XL: |  1  2  3 |
---------------+----------+-----
Unarmed Combat | 1 2 |  2.5
Fighting       | 1 |  1.0
Armour         | 1 |  1.2
Dodging        | |  1.7
Stealth        | |  2.1
Spellcasting   | |  1.7
Conjurations   | |  0.7
Fire Magic     | |  2.4

Action                   || total
-------------------------++-------
Melee: Unarmed           ||   116
       Punch             ||     1
  Use: Scroll            ||     2
       Potion            ||     1
Armor: Robe              ||    12
       Crystal plate arm ||    26
Dodge: Dodged            ||    47

Table legend:
 A = Non-vault XP
 B = Vault XP
 C = Vault XP percentage of total XP
 D = Non-vault monster count
 E = Vault monster count
 F = Vault count percentage of total count
                 A         B        C        D         E       F
            +---------+---------+-------+---------+---------+-------
      Total |      60 |       2 |   3.2 |      26 |       2 |   7.1
            +---------+---------+-------+---------+---------+-------
        D:1 |      37 |       0 |   0.0 |      21 |       0 |   0.0
        D:2 |      23 |       2 |   8.0 |       5 |       2 |  28.6
            +---------+---------+-------+---------+---------+-------
